 Dungeon Crawl Stone Soup version 0.29-a0-414-g5075937ec3 (webtiles) character file.

Game seed: 1517074220343879863

490 dolemite99 the Bolt Thrower (level 6, -4/44 HPs)
             Began as a Demonspawn Hunter on May 15, 2022.
             Was a Priest of Cheibriados.
             Slain by an orc warrior
             ... wielding a +0 long sword
              (10 damage)
             ... on level 4 of the Dungeon.
             The game lasted 00:04:58 (4430 turns).

dolemite99 the Bolt Thrower (Demonspawn Hunter)     Turns: 4430, Time: 00:04:59

Health: -4/44      AC:  9    Str: 23    XL:     6   Next: 90%
Magic:  6/6        EV: 11    Int: 16    God:    Cheibriados [***...]
Gold:   261        SH:  0    Dex: 25    Spells: 5/5 levels left

rFire   . . .      SeeInvis .   a - +1 hand crossbow
rCold   . . .      Faith    .   (no shield)
rNeg    . . .      Spirit   .   h - +0 scale mail
rPois   .          Reflect  .   (no helmet)
rElec   .          Harm     .   (no cloak)
rCorr   .          Rampage  .   i - +1 pair of gloves
Will    .....                   o - +0 pair of boots
Stlth   +.........              (no amulet)
HPRegen 0.14/turn               m - +6 ring of strength
MPRegen 0.10/turn               (no ring)

@: very slow
A: claws 1, demonic guardian 1
a: Renounce Religion, Bend Time, Temporal Distortion


You were on level 4 of the Dungeon.
You worshipped Cheibriados.
Cheibriados was most pleased with you.
You visited 1 branch of the dungeon, and saw 4 of its levels.

You collected 261 gold pieces.

Inventory:

Hand Weapons
 a - a +1 hand crossbow (weapon)
 p - a +4 hand axe
 x - a +0 vampiric short sword
Missiles
 n - 5 poisoned darts
 v - 4 boomerangs
Armour
 b - a +0 leather armour
 h - a +0 scale mail (worn)
 i - a +1 pair of gloves (worn)
 o - a +0 pair of boots (worn)
Jewellery
 m - a +6 ring of strength (left hand)
Scrolls
 c - 2 scrolls of immolation
 e - a scroll of noise {unknown}
 f - 5 scrolls of identify {@r1}
 g - a scroll of vulnerability {unknown}
 j - a scroll of enchant armour
 k - a scroll of poison {unknown}
 l - 2 scrolls of teleportation {unknown}
 s - a scroll of blinking {unknown}
 t - 2 scrolls of fog {unknown}
 w - a scroll of amnesia {unknown}
Potions
 q - 2 potions of might
 r - a potion of berserk rage {unknown}
 u - a potion of attraction {unknown}


   Skills:
 - Level 2.0 Fighting
 + Level 7.6 Crossbows
 - Level 1.7 Dodging
 - Level 0.8 Stealth


You had 5 spell levels left.
You didn't know any spells.
Your spell library contained the following spells:

 Spells                   Type           Power      Damage    Failure   Level
 Gell's Gravitas          Tloc           0%         N/A       90%         3
 Teleport Other           Tloc           0%         N/A       90%         3
 Dispersal                Tloc           0%         N/A       100%        6


Dungeon Overview and Level Annotations

Branches:
Dungeon (4/15)
 Temple: D:4-7

Altars:
Cheibriados
Trog

Shops:
D:1 [

Annotations:
D:4 2 runed translucent doors


Innate Abilities, Weirdness & Mutations

You have sharp fingernails.
A weak demonic guardian rushes to your aid.


Message History

The orc warrior hits you with a +0 long sword.
Shoot: a) +1 hand crossbow
Press: ? - help, Shift-Dir - straight line, f/p - orc warrior
Aim: an orc warrior, wielding a +0 long sword and wearing a +0 plate armour (severely wounded, 70% to hit)
You shoot a bolt. The bolt hits the orc warrior.
The orc warrior is almost dead.
The orc warrior completely misses you.
Shoot: a) +1 hand crossbow
Press: ? - help, Shift-Dir - straight line, f/p - orc warrior
Aim: an orc warrior, wielding a +0 long sword and wearing a +0 plate armour (almost dead, 70% to hit)
You shoot a bolt. The bolt hits the orc warrior.
The orc warrior is almost dead.
The orc warrior hits you with a +0 long sword.
Shoot: a) +1 hand crossbow
Press: ? - help, Shift-Dir - straight line, f/p - orc warrior
Aim: an orc warrior, wielding a +0 long sword and wearing a +0 plate armour (almost dead, 70% to hit)
You shoot a bolt.
The bolt hits the orc warrior but does no damage.
The orc warrior is almost dead.
The orc warrior hits you but does no damage.
Shoot: a) +1 hand crossbow
Press: ? - help, Shift-Dir - straight line, f/p - orc warrior
Aim: an orc warrior, wielding a +0 long sword and wearing a +0 plate armour (almost dead, 70% to hit)
You shoot a bolt. The bolt barely misses the orc warrior.
The orc warrior hits you with a +0 long sword!
* * * LOW HITPOINT WARNING * * *
A demonic guardian appears!
The orc warrior hits you with a +0 long sword.
* * * LOW HITPOINT WARNING * * *
Shoot: a) +1 hand crossbow
Press: ? - help, Shift-Dir - straight line, f/p - orc warrior
Aim: an orc warrior, wielding a +0 long sword and wearing a +0 plate armour (almost dead, ally target, 70% to hit)
You shoot a bolt.
The bolt hits the orc warrior but does no damage.
The orc warrior is almost dead.
Your quasit bites the orc warrior but does no damage.
Your quasit claws the orc warrior.
Your quasit claws the orc warrior but does no damage.
The orc warrior hits you with a +0 long sword!
You die...

# #..####...........#...# ##..
# #...##..#...####......# #...
##..#..##...# ###....## ##..#
#....####..## #.....###...#
#...## #...#####.....##...#
##...# ###....##............##
.....###..........#####.......
........#..######...# #.......
...........##...@##..#
##......
..##.......#.####o#.##
#....... .# ........#..#.#5#.#
#...###.
.##++##.'.#.##.#.#.###..######
#8.D ####### .#.##.#.... #...
#8.. ##.##.....# ##. #$..
#.........## #.. #=.
#.[.....#..###..
#....##........


You could see an orc warrior (ally target) and a friendly quasit (summoned).

Vanquished Creatures
  A black bear (D:4)
  A phantom (D:4)
  A necrophage (D:4)
  An orc wizard (D:3)
  5 adders
  5 gnolls
  A worm (D:3)
  4 dart slugs
  13 orcs
  8 ball pythons
  9 endoplasms
  5 giant cockroaches
  8 hobgoblins
  3 jackals (D:3)
  6 kobolds
  A quokka (D:3)
  5 bats
  2 frilled lizards (D:2)
  12 goblins
  6 rats
97 creatures vanquished.

Vanquished Creatures (collateral kills)
  Robin (D:2)
  An adder (D:2)
  6 goblins (D:2)
8 creatures vanquished.

Grand Total: 105 creatures vanquished

Notes
Turn   | Place    | Note
-------+----------+-------------------------------------------
     0 | D:1      | dolemite99 the Demonspawn Hunter began the quest for the
                  | Orb.
     0 | D:1      | Reached XP level 1. HP: 16/16 MP: 1/1
    25 | D:1      | Found Ajik's Antique Armour Emporium.
    45 | D:1      | Reached skill level 4 in Crossbows
   111 | D:1      | Gained mutation: A weak demonic guardian rushes to your
                  | aid. [demonic ancestry]
   111 | D:1      | Reached XP level 2. HP: 20/22 MP: 2/2
   533 | D:1      | Reached XP level 3. HP: 27/27 MP: 3/3
  1042 | D:2      | Noticed Robin
  1049 | D:2      | Killed Robin
  1052 | D:2      | Reached skill level 5 in Crossbows
  1552 | D:2      | Reached XP level 4. HP: 27/33 MP: 4/4
  1975 | D:2      | Found a faded altar of an unknown god.
  2208 | D:2      | Prayed at the altar of an unknown god.
  2208 | D:2      | Became a worshipper of Cheibriados the Contemplative
  2208 | D:2      | Reached * piety under Cheibriados
  2815 | D:3      | Gained mutation: You have sharp fingernails. [demonic
                  | ancestry]
  2815 | D:3      | Reached XP level 5. HP: 36/38 MP: 5/5
  3001 | D:3      | Reached ** piety under Cheibriados
  3010 | D:3      | Reached skill level 6 in Crossbows
  3509 | D:3      | Found a bloodstained altar of Trog.
  3609 | D:4      | Noticed a black bear
  3619 | D:4      | Killed a black bear
  3620 | D:4      | Reached XP level 6. HP: 15/44 MP: 6/6
  3627 | D:4      | Reached skill level 7 in Crossbows
  4389 | D:4      | Found a large runed translucent door.
  4389 | D:4      | Found a large runed translucent door.
  4393 | D:4      | Noticed a steam dragon
  4412 | D:4      | Noticed an orc warrior
  4413 | D:4      | Reached *** piety under Cheibriados
  4430 | D:4      | Slain by an orc warrior

Illustrated notes

Levels and vault maps discovered:
D:1:      lemuel_arrival_behind_the_door_large, layout_basic, serial_shops,
          nicolae_diamond_shop, minmay_domino_4
D:2:      layout_loops_corners, ebering_ecumenical_altar_sacrificial, uniq_robin
D:3:      layout_basic, trog_antimagical
D:4:      layout_layer_cave, minitemple, minmay_hollow_rounded_squares,
          uniq_blork_the_orc, uniq_edmund, uniq_duvessa

Skill      XL: |  1  2  3  4  5  6 |
---------------+-------------------+-----
Crossbows      | 4 5 6 7 |  7.6
Fighting       | |  2.0
Dodging        | |  1.7
Stealth        | |  0.8

Action                   |  1- 3 |  4- 6 || total
-------------------------+-------+-------++-------
 Fire: Hand crossbow     |    91 |   195 ||   286
  Use: Potion            |       |     4 ||     4
       Scroll            |       |     2 ||     2
Armor: Leather armour    |     6 |     3 ||     9
       Scale mail        |       |    34 ||    34
Dodge: Dodged            |    14 |    78 ||    92

Table legend: (Time is in decaauts)
 A = Elapsed time spent in this place.
 B = Non-inter-level travel time spent in this place.
 C = Inter-level travel time spent in this place.
 D = Time resting spent in this place.
 E = Time spent auto-exploring this place.
 F = Levels seen in this place.
 G = Mean time per level.
                   A        B        C        D        E       F      G
               +--------+--------+--------+--------+--------+-----+--------+
         Total |   5052 |   4944 |    108 |   1703 |   2483 |   4 | 1263.0 |
       Dungeon |   5052 |   4944 |    108 |   1703 |   2483 |   4 | 1263.0 |
               +--------+--------+--------+--------+--------+-----+--------+

Top non-repeatable levels by time:
     D:2: 2205 daAuts
     D:3: 1214 daAuts
     D:4: 960 daAuts
     D:1: 671 daAuts
